 Dungeon Crawl Stone Soup version 0.29.1-2-gbd0b4ee654 (webtiles) character file.

Game seed: 11603464158232299800

324 GigaChad the Ruffian (level 6, -2/61 HPs)
             Began as a Troll Fighter on Nov 23, 2022.
             Was a Follower of Trog.
             Slain by an adder (3 damage)
             ... on level 4 of the Dungeon.
             The game lasted 00:05:56 (2225 turns).

GigaChad the Ruffian (Troll Fighter)                Turns: 2225, Time: 00:05:56

Health: -2/61      AC: -8    Str: 27    XL:     6   Next: 23%
Magic:  5/5        EV:  9    Int:  4    God:    Trog [*.....]
Gold:   80         SH:  7    Dex:  9    Spells: 5/5 levels left

rFire   . . .      SeeInvis .     - Unarmed
rCold   . . .      Faith    .   b - +0 kite shield
rNeg    . . .      Spirit   .   a - +0 robe
rPois   .          Reflect  .   (helmet restricted)
rElec   .          Harm     .   (no cloak)
rCorr   .          Rampage  .   (gloves unavailable)
Will    .....                   (boots unavailable)
Stlth   +.........              (no amulet)
HPRegen 1.00/turn               q - +4 ring of protection
MPRegen 0.09/turn               (no ring)

@: lethally poisoned (-2 -> -2), corroded
A: large, unfitting armour, claws 3, regeneration 1, shaggy fur 1, tough skin 1
a: Renounce Religion, Berserk


You were on level 4 of the Dungeon.
You worshipped Trog.
Trog was aware of your devotion.
You visited 1 branch of the dungeon, and saw 4 of its levels.

You collected 80 gold pieces.

Inventory:

Hand Weapons
 m - a +0 scimitar
 p - a +0 arbalest
Armour
 a - a +0 robe (worn)
 b - a +0 kite shield (worn)
Jewellery
 n - a ring of protection from cold
 q - a +4 ring of protection (left claw)
 r - a +6 ring of strength
Scrolls
 d - a scroll of amnesia {unknown}
 f - a scroll of brand weapon {unknown}
 k - 2 scrolls of enchant weapon
 s - a scroll of noise {unknown}
Potions
 c - a potion of might
 e - a potion of attraction {unknown}
 g - a potion of lignification {unknown}
 h - a potion of invisibility {unknown}
 i - a potion of haste {unknown}
 j - 2 potions of ambrosia {unknown}
 l - a potion of mutation {unknown}
 o - 2 potions of curing {unknown}


   Skills:
 * Level 3.2 Fighting
 + Level 3.7 Dodging
 + Level 3.8 Shields
 + Level 4.0 Unarmed Combat


You had 5 spell levels left.
You didn't know any spells.
Your spell library contained the following spells:

 Spells                   Type           Power      Damage    Failure   Level
 Confusing Touch          Hex            0%         N/A       99%         3
 Yara's Violent Unravell  Hex/Tmut       0%         3d3       100%        5
 Enfeeble                 Hex            0%         N/A       100%        7


Dungeon Overview and Level Annotations

Branches:
Dungeon (4/15)
 Temple: D:4-7

Altars:
Dithmenos
Elyvilon
Gozag
Trog

Annotations:
D:3 1 runed translucent door, NinjaNoafa's ghost, amateur MiFi


Innate Abilities, Weirdness & Mutations

You are too large for most types of armour.
You have claws for hands.
Your natural rate of healing is unusually fast.
You are covered in fur. (AC +1)
You have tough skin. (AC +1)


Message History

* * * LOW HITPOINT WARNING * * *
You scratch the adder.
The adder is heavily wounded.
The adder bites you.
* * * LOW HITPOINT WARNING * * *
You barely miss the adder.
The adder is heavily wounded.
You block the adder's attack. The adder bites you.
* * * LOW HITPOINT WARNING * * *
You closely miss the adder.
The adder is heavily wounded.
The adder closely misses you.
You miss the adder.
The adder is heavily wounded.
You block the adder's attack.
You miss the adder.
The adder is heavily wounded.
The adder bites you.
* * * LOW HITPOINT WARNING * * *
You block the adder's attack.
You scratch the adder but do no damage.
The adder is heavily wounded.
You block the adder's attack.
You closely miss the adder.
The adder is heavily wounded.
You block the adder's attack. The adder barely misses you.
You barely miss the adder.
The adder is heavily wounded.
The adder bites you.
* * * LOW HITPOINT WARNING * * *
You are poisoned.
The adder poisons you!
You scratch the adder but do no damage.
The adder is heavily wounded.
* * * LOW HITPOINT WARNING * * *
You feel sick. You block the adder's attack.
You closely miss the adder.
The adder is heavily wounded.
You feel sick. The adder bites you.
You die...

............# ..=..........##
..............# #.
..............#.....+ ...
..............#.# ..##...
................# #......
................. .......
.......S@....# #......
.............# .# #......
.............##<# #......
..##.........##.###...... #####
#..................... .....#+#
#............##.......
.....#.#############....#..).####
................####....#....#
#............................#


You could see an adder.

Vanquished Creatures
  A jelly (D:4)
  Jessica (D:2)
  An orc wizard (D:4)
  Natasha (thrice) (D:2)
  2 adders
  3 gnolls (D:2)
  2 ufetubi (D:4)
  2 worms
  9 orcs
  8 ball pythons
  5 bats
  2 endoplasms
  6 giant cockroaches
  7 goblins
  7 hobgoblins
  A jackal (D:2)
  A quokka (D:2)
  6 frilled lizards
  5 kobolds
  11 rats
83 creatures vanquished.

Notes
Turn   | Place    | Note
-------+----------+-------------------------------------------
     0 | D:1      | GigaChad the Troll Fighter began the quest for the Orb.
     0 | D:1      | Reached XP level 1. HP: 22/22 MP: 0/0
   140 | D:1      | Reached XP level 2. HP: 29/29 MP: 1/1
   548 | D:1      | Reached XP level 3. HP: 36/36 MP: 2/2
   705 | D:2      | Noticed Natasha
   713 | D:2      | Killed Natasha
   721 | D:2      | Reached XP level 4. HP: 26/44 MP: 3/3
   729 | D:2      | Reached skill level 3 in Unarmed Combat
   764 | D:2      | Noticed Jessica
   767 | D:2      | Found a bloodstained altar of Trog.
   775 | D:2      | Killed Jessica
   793 | D:2      | Noticed Natasha
   808 | D:2      | Killed Natasha
   809 | D:2      | Reached XP level 5. HP: 23/52 MP: 4/4
   816 | D:2      | Became a worshipper of Trog the Wrathful
   824 | D:2      | Found a faded altar of an unknown god.
   972 | D:2      | Noticed Natasha
   986 | D:2      | Killed Natasha
  1024 | D:2      | Found the +3 pair of gauntlets of War {Slay+5}
  1437 | D:3      | Found a runed translucent door.
  1437 | D:3      | Noticed NinjaNoafa's ghost (amateur MiFi)
  1722 | D:3      | Found a white marble altar of Elyvilon.
  1899 | D:3      | Found a shadowy altar of Dithmenos.
  2039 | D:4      | Found an opulent altar of Gozag.
  2134 | D:4      | Reached * piety under Trog
  2135 | D:4      | Reached XP level 6. HP: 55/61 MP: 5/5
  2204 | D:4      | Reached skill level 4 in Unarmed Combat
  2217 | D:4      | HP: 2/61 [adder (4)]
  2223 | D:4      | HP: 2/61 [adder (2)]
  2225 | D:4      | Slain by an adder

Illustrated notes

Levels and vault maps discovered:
D:1:      beargit_arrival_diablo_church, layout_basic
D:2:      layout_loops_cross, basic_altar, nicolae_ecumenical_pavilion,
          chequers_arboretum, uniq_natasha, uniq_jessica
D:3:      layout_rooms, mainiacjoe_overflow_alcove_4,
          mainiacjoe_overflow_boulevard, hellmonk_ghost_happy_afterlife
D:4:      layout_basic, grunt_gozag_statues, portal_sewer_entry_e

Skill      XL: |  1  2  3  4  5  6 |
---------------+-------------------+-----
Shields        | 3 |  3.8
Dodging        | 3 |  3.7
Unarmed Combat | 3 4 |  4.0
Fighting       | 3 |  3.2

Action                   |  1- 3 |  4- 6 || total
-------------------------+-------+-------++-------
Melee: Unarmed           |    87 |   182 ||   269
  Use: Scroll            |     1 |     3 ||     4
Armor: Robe              |    56 |    58 ||   114
Dodge: Dodged            |    46 |   112 ||   158
Block: Kite shield       |    66 |    99 ||   165
